 Dungeon Crawl Stone Soup version 0.24.0-123-gd5b16e6ec5 (webtiles) character file.

Game seed: 12686436957430983834, levelgen mode: deterministic

56 Froggeryz the Chopper (level 3, -3/29 HPs)
             Began as a Minotaur Fire Elementalist on Dec 30, 2019.
             Was a Follower of Fedhas.
             Killed by nerve-wracking pain
             ... invoked by an orc priest
              (7 damage)
             ... on level 2 of the Dungeon.
             The game lasted 00:02:45 (2694 turns).

Froggeryz the Chopper (Minotaur Fire Elementalist)  Turns: 2694, Time: 00:02:45

Health: -3/29      AC:  3    Str: 13    XL:     3   Next: 71%
Magic:  4/4        EV: 12    Int: 17    God:    Fedhas [*.....]
Gold:   113        SH:  0    Dex: 10    Spells: 3/4 levels left

rFire    . . .     SeeInvis .   k - +2 short sword (flame)
rCold    . . .     Gourm    .   (no shield)
rNeg     . . .     Faith    .   a - +0 robe
rPois    .         Spirit   .   (helmet restricted)
rElec    .         Reflect  .   (no cloak)
rCorr    .         Harm     .   (no gloves)
MR       .....                  o - +0 pair of boots
Stlth    ++........             (no amulet)
HPRegen  0.09/turn              n - ring of wizardry
MPRegen  0.09/turn              (no ring)

@: brilliant
A: retaliatory headbutt, horns 2
a: Renounce Religion


You were on level 2 of the Dungeon.
You worshipped Fedhas.
Fedhas was aware of your devotion.
You were very hungry.

You visited 1 branch of the dungeon, and saw 3 of its levels.

You collected 113 gold pieces.

Inventory:

Hand Weapons
 e - a +0 hand axe
 i - a +0 hunting sling
 k - a +2 short sword of flaming (weapon)
Missiles
 d - 11 boomerangs (quivered)
 j - 28 stones
Armour
 a - a +0 robe (worn)
 o - a +0 pair of boots (worn)
Jewellery
 n - a ring of wizardry (left hand)
Scrolls
 f - 5 scrolls of identify {unknown}
 l - 2 scrolls of teleportation {unknown}
 m - 2 scrolls of remove curse {unknown}
Potions
 b - a potion of lignification {unknown}
 g - a potion of curing {unknown}
 h - a potion of magic
 p - a potion of mutation {unknown}
 r - a potion of brilliance
Comestibles
 c - 6 rations


   Skills:
 - Level 2.1 Fighting
 * Level 3.4 Axes
 - Level 2.1 Dodging
 - Level 1.5 Stealth
 - Level 1.3 Spellcasting
 - Level 0.6 Conjurations
 - Level 2.1 Fire Magic


You had 3 spell levels left.
You knew the following spells:

 Your Spells              Type           Power        Failure   Level  Hunger
a - Flame Tongue          Conj/Fire      ###..        1%          1    ##.....

Your spell library contained the following spells:

 Spells                   Type           Power        Failure   Level  Hunger
 Throw Flame              Conj/Fire      ###...       2%          2    ###....
 Conjure Flame            Conj/Fire      ###.....     4%          3    ####...
 Inner Flame              Hex/Fire       ###.....     4%          3    ####...
 Sticky Flame             Conj/Fire      ###.....     13%         4    #####..
 Fireball                 Conj/Fire      ###.......   30%         5    ######.


Dungeon Overview and Level Annotations

Branches:
Dungeon (3/15)

Altars:
Fedhas
Sif Muna
The Shining One


Innate Abilities, Weirdness & Mutations

You reflexively headbutt those who attack you in melee.
You have a pair of horns on your head.


Message History

Beogh smites you!
Ouch! That really hurt!
* * * LOW HITPOINT WARNING * * *
You are too injured to fight recklessly!
You hit the orc priest but do no damage.
The orc priest is moderately wounded.
The orc priest closely misses you.
You hit the orc priest but do no damage.
The orc priest is moderately wounded.
The orc priest looks encouraged for a moment.
It was a potion of brilliance.
You feel clever all of a sudden.
The orc priest hits you with a +0 falchion.
* * * LOW HITPOINT WARNING * * *
Unknown command.
It was a potion of magic.
Magic courses through your body.
The orc priest mumbles some strange prayers to Beogh against you.
Pain shoots through your body!
You die...
Fedhas appreciates your contribution to the ecosystem.

...######.#.#.#..#####.#
.#....# #...#.#..# #.#
_..##.# ####.....### #.#
.#....######..#....# #.#
.###..#......)...### #.#
......#.####..#..#####.#
...........#..#..#.....#
...........#..#..#.#####
...............o@.....####
#.#...........####.#.....#
#..................##.####
..........##.####........#
#.###...#.##.####.########
........#.##.......#
#.##.##.#.##########
#.#....<..########
#.###............#


You could see an orc priest.

Vanquished Creatures
  A dart slug (D:2)
  5 orcs (D:3)
  5 giant cockroaches
  5 goblins (D:1)
  11 hobgoblins
  A quokka (D:2)
  A ball python (D:1)
  3 bats (D:1)
  A frilled lizard (D:2)
  4 kobolds
  6 rats
43 creatures vanquished.

Notes
Turn   | Place    | Note
-------+----------+-------------------------------------------
     0 | D:1      | Froggeryz the Minotaur Fire Elementalist began the quest
                  | for the Orb.
     0 | D:1      | Reached XP level 1. HP: 14/14 MP: 1/1
   150 | D:1      | Reached skill level 1 in Axes
   273 | D:1      | Reached skill level 1 in Fighting
   286 | D:1      | Reached XP level 2. HP: 23/23 MP: 3/3
   358 | D:1      | Reached skill level 2 in Axes
  1316 | D:2      | Reached XP level 3. HP: 28/28 MP: 4/4
  1368 | D:2      | Found a faded altar of an unknown god.
  1386 | D:2      | Became a worshipper of Fedhas Madash
  1386 | D:2      | Reached * piety under Fedhas
  1480 | D:2      | Reached skill level 3 in Axes
  1500 | D:2      | Found a shimmering blue altar of Sif Muna.
  2042 | D:3      | Found a glowing golden altar of the Shining One.
  2694 | D:2      | Killed from afar by an orc priest

Levels and vault maps discovered:
D:1:      dpeg_cavernosity, layout_loops_ring, serial_park_tiny_2,
          chequers_serial_rivers_room_b
D:2:      layout_basic, lemuel_crystal_altar, chequers_ecumenical_altar_simple
D:3:      layout_basic, old_standard_altar, first_ration

Skill      XL: |  1  2  3 |
---------------+----------+-----
Axes           | 1 2 3 |  3.4
Fighting       | 1 2 |  2.1
Dodging        | |  2.1
Stealth        | |  1.5
Spellcasting   | |  1.3
Conjurations   | |  0.6
Fire Magic     | |  2.1

Action                   || total
-------------------------++-------
Melee: Hand axe          ||    61
       Headbutt          ||     6
       Short sword       ||    27
 Fire: Hunting sling     ||     4
Throw: Boomerang         ||    20
  Use: Potion            ||     2
 Stab: Sleeping          ||     6
  Eat: Chunk             ||     4
Armor: Robe              ||    14
Dodge: Dodged            ||    65
